Map: Lost and Found LE

Players

terrasol

  • Race: Terran Terran
  • Spawn Location: 1:00

VOD

Have the link to the VOD?

Description

Time

  • Played on: Aug. 30, 2018, 6:13 a.m.
  • Length: 22:10
Show
View Real Time Build Order
Export as new Build Order

terrasol Terran 

Build Orders:  

Get SALT Encoding   

  12  0:02  SCV  
  13  0:19  SCV  
  14  0:32  Supply Depot  
  14  0:36  SCV  
  15  1:02  SCV  
  15  1:06  Barracks  
  16  1:19  SCV  
  17  1:36  SCV  
  18  1:40  Supply Depot  
  18  1:53  SCV  
  18  1:54  Refinery  
  18  1:55  Refinery  
  19  2:12  Marine  
  19  2:14  Orbital Command  
  20  2:37  Marine  
  21  2:50  SCV  
  22  3:01  Marine  
  22  3:07  SCV  
  24  3:24  SCV  
  24  3:26  Marine  
  26  3:41  SCV  
  26  3:42  Command Center  
  27  3:51  Marine  
  28  4:02  SCV  
  29  4:16  Marine  
  29  4:18  Bunker  
  29  4:19  SCV  
  31  4:29  Factory  
  31  4:50  Supply Depot  
  31  4:52  Supply Depot  
  31  4:57  Supply Depot  
  31  4:59  Bunker  
  31  5:20  SCV, Marine  
  31  5:23  Orbital Command  
  33  5:37  SCV  
  33  5:39  Factory Tech Lab  
  34  5:41  Bunker  
  34  5:45  Marine  
  35  5:52  Starport  
  35  5:54  SCV  
  36  6:04  SCV  
  37  6:11  SCV  
  38  6:21  SCV  
  38  6:27  Barracks  
  38  6:28  SCV  
  40  6:30  Barracks x2  
  40  6:38  SCV  
  41  7:02  SCV  
  41  7:03  SCV  
  41  7:04  Barracks Reactor  
  41  7:07  Siege Tank  
  46  7:16  Starport Reactor  
  46  7:19  SCV  
  45  7:20  SCV  
  48  7:36  SCV x2  
  48  7:38  Barracks Tech Lab  
  48  7:39  Barracks Reactor  
  50  7:52  Barracks Reactor, Siege Tank  
  50  7:53  SCV x2  
  50  7:58  Marine x2  
  57  8:10  SCV x2  
  59  8:24  Engineering Bay x2, Marauder  
  59  8:26  Marine x2  
  59  8:27  SCV x2, Armory  
  65  8:30  Armory, Medivac x2  
  69  8:42  Marine  
  70  8:53  Supply Depot  
  70  8:56  Supply Depot  
  70  8:57  Supply Depot  
  70  8:59  Supply Depot  
  70  9:00  Supply Depot  
  70  9:05  Supply Depot  
  70  9:23  SCV x2, Marine x4, Marauder  
  70  9:26  Supply Depot, Siege Tank  
  70  9:29  Supply Depot  
  81  9:36  Supply Depot, Refinery  
  81  9:37  Refinery  
  81  9:40  SCV x2  
  83  9:53  Marine x3  
  83  9:54  Marine x3  
  83  9:55  Marauder  
  83  9:57  SCV x2  
  83  9:59  Medivac  
  95  10:11  Siege Tank  
  98  10:23  SCV  
  98  10:24  SCV  
  98  10:27  Marine x3  
  98  10:28  Marine x3  
  98  10:29  Marauder  
  108  10:42  Terran Infantry Weapons Level 1  
  108  10:51  Terran Infantry Armor Level 1  
  108  10:56  Siege Tank  
  111  11:29  SCV x2  
  113  11:31  Marine  
  113  11:32  Marine x3  
  113  11:33  Marine x2  
  113  11:34  Marine  
  120  11:42  Siege Tank  
  120  11:44  Medivac  
  120  11:46  SCV x2  
  127  11:56  Marine  
  127  11:57  Marine x3  
  127  11:58  Marine x2  
  127  11:59  Marine  
  133  12:09  SCV x2  
  135  12:15  Medivac  
  137  12:24  Terran Vehicle And Ship Armor Level 1  
  137  12:25  Terran Vehicle Weapons Level 1  
  137  12:26  SCV x2  
  137  12:27  Siege Tank  
  142  13:16  Supply Depot  
  142  13:18  Supply Depot x2  
  142  13:21  Siege Tank x7  
  142  13:23  Supply Depot  
  142  13:25  Supply Depot  
  142  13:27  SCV x2  
  142  13:28  Supply Depot  
  82  13:30  Medivac x2  
  140  13:31  Siege Tank  
  111  14:14  Marauder  
  111  14:15  Marine x3  
  111  14:16  Marine x3  
  111  14:18  Siege Tank  
  122  14:21  Medivac x2  
  126  14:47  SCV x2  
  126  14:49  Marauder  
  130  14:50  Marine x3  
  130  14:51  Command Center, Marine x3  
  136  15:03  Siege Tank, Medivac x2  
  143  15:15  Marine x3  
  143  15:16  Marine x3  
  143  15:19  Marauder  
  151  15:42  SCV x2  
  151  15:45  Medivac  
  151  15:46  Marine x3  
  151  15:47  Marine x3  
  151  15:48  Siege Tank  
  151  15:49  Marauder  
  166  15:52  Medivac  
  166  15:56  Refinery  
  166  15:58  Refinery  
  166  15:59  SCV x2  
  170  16:30  Command Center  
  170  16:32  Refinery  
  170  16:33  Siege Tank  
  170  16:34  Refinery  
  61  18:14  Viking  
  61  18:15  Viking  
  62  18:23  Orbital Command  
  62  18:36  Marine x3  
  62  18:38  Marine  
  62  18:39  Marine x2  
  68  18:40  Marauder  
  67  18:56  Viking  
  67  18:57  Viking  
Tags
 
Add a new tag
Caveats
  • Supply blocks, unpowered buildings, or Contaminate may cause inaccurate times.
  • Supply counts are checked every 10 seconds.